 Dungeon Crawl Stone Soup version 0.24.0-41-g2ae2f7f1be (webtiles) character file.

Game seed: 5211045921317734891, levelgen mode: deterministic

331 Kobolds4U the Conjurer (level 6, 0/32 HPs)
             Began as a Deep Elf Conjurer on Dec 15, 2019.
             Slain by a sky beast (5 damage)
             ... on level 6 of the Dungeon.
             The game lasted 00:09:43 (5885 turns).

Kobolds4U the Conjurer (Deep Elf Conjurer)          Turns: 5885, Time: 00:09:44

Health: 0/32       AC:  4    Str:  6    XL:     6   Next: 26%
Magic:  12/12      EV: 13    Int: 21    God:
Gold:   237        SH:  0    Dex: 15    Spells: 5/11 levels left

rFire    + . .     SeeInvis .   t - +2 short sword (speed)
rCold    + . .     Gourm    .   (no shield)
rNeg     . . .     Faith    .   a - +0 robe
rPois    .         Spirit   .   r - +0 helmet
rElec    .         Reflect  .   s - scarf {rC+ rF+}
rCorr    .         Harm     .   (no gloves)
MR       .....                  w - +0 pair of boots (curse)
Stlth    ++........             (no amulet)
HPRegen  0.10/turn              (no ring)
MPRegen  0.13/turn              (no ring)

@: no status effects
A: no striking features
a: no special abilities


You were on level 6 of the Dungeon.
You were not hungry.

You visited 1 branch of the dungeon, and saw 6 of its levels.

You collected 237 gold pieces.

Inventory:

Hand Weapons
 e - a +0 dagger
 q - a +0 rapier
 t - a +2 short sword of speed (weapon)
Missiles
 j - 15 boomerangs (quivered)
Armour
 a - a +0 robe (worn)
 r - a +0 helmet (worn)
 s - a scarf of resistance (worn)
 w - a cursed +0 pair of boots (worn)
Jewellery
 d - an uncursed ring of ice
 i - an uncursed amulet of regeneration {unknown}
Scrolls
 b - a scroll of magic mapping {unknown}
 f - 3 scrolls of noise {unknown}
 g - 9 scrolls of identify {unknown}
 h - a scroll of fear {unknown}
 k - a scroll of teleportation {unknown}
 l - a scroll of enchant armour {unknown}
 m - a scroll of random uselessness {unknown}
 n - a scroll of remove curse {unknown}
 u - a scroll of immolation {unknown}
 v - a scroll of blinking {unknown}
 y - a scroll of amnesia {unknown}
Potions
 o - a potion of might {unknown}
 p - a potion of lignification {unknown}
 x - a potion of curing {unknown}
 z - a potion of invisibility {unknown}
Comestibles
 c - 9 rations
 A - a chunk of flesh


   Skills:
 * Level 3.6 Short Blades
 - Level 2.4 Dodging
 - Level 2.4 Stealth
 - Level 3.0 Spellcasting
 + Level 7.1 Conjurations


You had 5 spell levels left.
You knew the following spells:

 Your Spells              Type           Power        Failure   Level  Hunger
a - Magic Dart            Conj           ####         1%          1    None
b - Searing Ray           Conj           ####..       1%          2    ##.....
c - Dazzling Spray        Conj/Hex       ###...       9%          3    ###....

Your spell library contained the following spells:

 Spells                   Type           Power        Failure   Level  Hunger
 Iskenderun's Mystic Bla  Conj           ####....     7%          4    ####...
 Force Lance              Conj/Tloc      ###.....     30%         4    ####...
 Fulminant Prism          Conj/Hex       ###.......   30%         4    ####...


Dungeon Overview and Level Annotations

Branches:
Dungeon (6/15)
 Temple: D:4-7

Altars:
Ru

Annotations:
D:3 3 runed translucent doors, infcreate's ghost, amateur DECj


Message History

A sky beast comes into view.
A howler monkey zombie comes into view.
The leopard gecko hisses angrily.
The sky beast flickers out of sight!
Deactivating autopickup; reactivate with Ctrl-A.
Something hits you but does no damage. The bullfrog hits you.
You barely miss the bullfrog. The leopard gecko closely misses you.
The bullfrog hits you. Something hits you. Something shocks you.
You puncture the bullfrog!
The bullfrog is moderately wounded.
The leopard gecko barely misses you. The bullfrog closely misses you.
You hit the bullfrog.
The bullfrog is moderately wounded.
Something hits you. Something shocks you. The bullfrog barely misses you.
The leopard gecko bites you.
* * * LOW HITPOINT WARNING * * *
Something barely misses you. The leopard gecko closely misses you.
The leopard gecko closely misses you. Something hits you.
* * * LOW HITPOINT WARNING * * *
Something shocks you.
You die...

#.#.###
#.#...# ###.#
##### #.#
#...
##.#####.###
#..........#
##.#####.#.#
#.# #.#.#
#######@#.#.#
.....ZlF{...#
#######.#.###
#.#... ..#
### ####


You could see a bullfrog, a howler monkey zombie and a leopard gecko.

Vanquished Creatures
  A phantom (D:5)
  A hound (D:6)
  A jelly (D:5)
  A bullfrog skeleton (D:5)
  Robin (D:3)
  A howler monkey skeleton (D:4)
  3 adders
  4 worms
  3 dart slugs
  8 orcs
  9 bats
  3 giant cockroaches
  15 goblins
  7 hobgoblins
  6 jackals
  3 quokkas (D:3)
  A ball python zombie (D:5)
  4 frilled lizards
  A jackal skeleton (D:5)
  8 kobolds
  7 rats
88 creatures vanquished.

Notes
Turn   | Place    | Note
-------+----------+-------------------------------------------
     0 | D:1      | Kobolds4U the Deep Elf Conjurer began the quest for the
                  | Orb.
     0 | D:1      | Reached XP level 1. HP: 10/10 MP: 6/6
   460 | D:1      | Reached XP level 2. HP: 15/15 MP: 8/8
   464 | D:1      | Learned a level 2 spell: Searing Ray
   739 | D:1      | Reached skill level 5 in Conjurations
  1452 | D:2      | Reached XP level 3. HP: 19/19 MP: 2/9
  1949 | D:3      | Reached skill level 6 in Conjurations
  1992 | D:3      | Learned a level 3 spell: Dazzling Spray
  1992 | D:3      | Noticed Robin
  2005 | D:2      | Found a sacrificial altar of Ru.
  2249 | D:2      | Reached XP level 4. HP: 24/24 MP: 5/10
  2911 | D:3      | Killed Robin
  3352 | D:3      | Reached skill level 1 in Short Blades
  3743 | D:3      | Noticed infcreate's ghost (amateur DECj)
  3745 | D:3      | Found a runed translucent gate.
  3745 | D:3      | Found a runed translucent gate.
  3745 | D:3      | Found a runed translucent gate.
  4230 | D:4      | Reached XP level 5. HP: 28/28 MP: 8/11
  4700 | D:5      | Entered Level 5 of the Dungeon
  5119 | D:5      | Noticed a phantom
  5129 | D:5      | Killed a phantom
  5129 | D:5      | Reached skill level 7 in Conjurations
  5129 | D:5      | Reached XP level 6. HP: 32/32 MP: 2/12
  5879 | D:6      | Noticed a sky beast
  5885 | D:6      | Slain by a sky beast

Levels and vault maps discovered:
D:1:      lightli_arrival_windingriver, layout_basic
D:2:      layout_basic, overflow_temple_1_default
D:3:      layout_loops_ring, gammafunk_ghost_split, minmay_quadrilaterals,
          uniq_robin
D:4:      layout_basic
D:5:      layout_cave_pods, first_ration, chequers_serial_rivers_marsh
D:6:      layout_basic, nicolae_alphabet_shops

Skill      XL: |  1  2  3  4  5 |
---------------+----------------+-----
Conjurations   | 5 6 7 |  7.1
Short Blades   | 1 3 |  3.6
Dodging        | |  2.4
Stealth        | |  2.4
Spellcasting   | |  3.0

Action                   |  1- 3 |  4- 6 || total
-------------------------+-------+-------++-------
Melee: Dagger            |    11 |    47 ||    58
       Short sword       |       |    51 ||    51
 Cast: Magic Dart        |    40 |    60 ||   100
       Searing Ray       |     5 |     3 ||     8
       Dazzling Spray    |     2 |     5 ||     7
 Stab: Sleeping          |     4 |     2 ||     6
       Invisible         |       |     1 ||     1
  Eat: Chunk             |     4 |     9 ||    13
       Ration            |       |     1 ||     1
Armor: Robe              |     7 |    29 ||    36
Dodge: Dodged            |    15 |    93 ||   108
